 Dungeon Sprint DCSS version 0.31-a0-703-gcfe89afef6 (webtiles) character file.

Game seed: 2393225217195723135

3351 sircluck the Grappler (level 9, -3/105 HPs)
             Began as a Troll Berserker on Sept 8, 2023.
             Was the Champion of Trog.
             Slain by a vampire knight
             ... wielding a +0 long sword
              (18 damage)
             ... in the Dungeon (Sprint VII: "The Pits").
             The game lasted 00:03:55 (785 turns).

sircluck the Grappler (Troll Berserker)              Turns: 785, Time: 00:03:55

Health: -3/105     AC:  1    Str: 37    XL:     9   Next: 72%
Magic:  8/8        EV: 13    Int:  3    God:    Trog [******]
Gold:   0          SH:  0    Dex:  9    Spells: 8/8 levels left

rFire   . .          .
                       - Unarmed
rCold   . . .        (no shield)
rNeg    . . .        a - +0 animal skin
rPois   .            (helmet restricted)
rElec   .            p - +0 cloak
rCorr   .            (gloves unavailable)
SInv    .            (boots unavailable)
Will    .....        (no amulet)
Stlth   +            l - +3 ring of strength
HPRegen 1.17/turn    o - +3 ring of strength
MPRegen 0.11/turn

%: no teleportation
@: corroded
A: large, unfitting armour, claws 3, regeneration 1, shaggy fur 1, tough skin 1
a: Renounce Religion, Berserk, Trog's Hand, Brothers in Arms


You were in the Dungeon.
You worshipped Trog.
Trog was exalted by your worship.
You visited 1 branch

Inventory:

Missiles
 k - 5 poisoned darts
Armour
 a - a +0 animal skin (worn)
 p - a +0 cloak (worn)
Jewellery
 l - a +3 ring of strength (left claw)
 o - a +3 ring of strength (right claw)
Scrolls
 g - a scroll of blinking
 i - 2 scrolls of vulnerability
 j - a scroll of butterflies
Potions
 b - 7 potions of curing
 c - 7 potions of heal wounds
 d - 2 potions of haste
 e - 4 potions of magic
 f - 3 potions of berserk rage
 h - 2 potions of invisibility
 m - 2 potions of mutation
 n - 3 potions of might


   Skills:
 + Level 11.5 Fighting
 + Level 11.4 Dodging
 + Level 13.4 Unarmed Combat


You had 8 spell levels left.
You didn't know any spells.
Your spell library was empty.

Dungeon Overview and Level Annotations

Branches:
Dungeon (1/1)

Altars:
Ashenzari
Cheibriados
Dithmenos
Elyvilon
Fedhas
Gozag
Hepliaklqana
Kikubaaqudgha
Makhleb
Nemelex Xobeh
Okawaru
Qazlal
Ru
Sif Muna
Trog
Uskayaw
Vehumet
Wu Jian
Xom
Yredelemnul
Zin
The Shining One
Jiyva
Lugonu


Innate Abilities, Weirdness & Mutations

You are too large for most types of armour.
You have claws for hands.
Your natural rate of healing is unusually fast.
You are covered in fur. (AC +1)
You have tough skin. (AC +1)


Message History

A vampire knight and an acid dragon come into view.
The vampire knight shouts!
The acid dragon roars!
There is a large open door here.
You barely miss the spriggan. Your claw misses the spriggan.
The spriggan closely misses you.
The vampire knight gestures wildly while chanting.
The vampire knight flickers and vanishes!
Deactivating autopickup; reactivate with Ctrl-A.
You closely miss the spriggan. The spriggan hits you with a +0 rapier!
You claw the spriggan!
The spriggan is heavily wounded.
You hear some strange, mumbled words.
The spriggan barely misses you.
You claw the spriggan!
You kill the spriggan!
Trog accepts your kill.
You hear some strange, mumbled words.
Something tries to affect you, but you resist.
You scratch the acid dragon.
The acid dragon is lightly wounded.
You hear some strange, mumbled words.
The acid dragon spits acid at you. The splash of acid hits you!
The acid corrodes you!
You closely miss the acid dragon.
The acid dragon is lightly wounded.
Something hits you!! Something bites you!
Something draws strength from your injuries!
Something hits you!!
* * * LOW HITPOINT WARNING * * *
Something barely misses you.
You are too injured to fight recklessly!
You are too injured to fight recklessly!
You are too injured to fight recklessly!
You are too injured to fight recklessly!
You are too injured to fight recklessly!
You mangle the acid dragon!!
You kill the acid dragon!
Trog accepts your kill. Something hits you!!
You die...

....##.......##''########
.†..##.......##......+..+
#'####.......##......+..+
.††.##...<...##.....##..##
....##.......##...###....###
....##.......##..##........##
######.......##')#...#..#...#
.#..###########..†.....†....+
.#.############'@#...#.)#...#
.#)#....#..[[##.)##........##
.#)#....#..[.##.§.###....###
.#.'....'..))##.... ##..##
.#'#....#..))###.... +..+
.'.#....#..))# ###...+..+
############## #######


There were no monsters in sight!

Vanquished Creatures
  A flayed ghost (D)
  Joseph (D)
  A smoke demon (D)
  An orange demon (D)
  A cane toad (D)
  A guardian mummy (D)
  A polar bear (D)
  A jumping spider (D)
  A spriggan (D)
  A wyvern (D)
  A redback (D)
  An acid dragon (D)
  An ice beast (D)
  A sky beast (D)
  A kobold brigand (D)
  A necrophage (D)
  4 scorpions (D)
  A jelly (D)
  A hound (D)
  Terence (D)
  2 mummies (D)
  2 ufetubi (D)
  A bat (D)
  A hobgoblin (D)
  7 jackals (D)
  A quokka (D)
  A ball python zombie (D)
  A frilled lizard (D)
39 creatures vanquished.

Notes
Turn   | Place    | Note
-------+----------+-------------------------------------------
     0 | D        | sircluck the Troll Berserker began the quest for the Orb.
     0 | D        | Reached XP level 1. HP: 22/22 MP: 0/0
    21 | D        | Reached ** piety under Trog
    33 | D        | Found a bloodstained altar of Trog.
    33 | D        | Found a shimmering blue altar of Sif Muna.
    33 | D        | Found a viscous altar of Jiyva.
    33 | D        | Found a hazy altar of Hepliaklqana.
    33 | D        | Found an opulent altar of Gozag.
    34 | D        | Found a glowing golden altar of the Shining One.
    34 | D        | Found a glowing silver altar of Zin.
    34 | D        | Found a basalt altar of Yredelemnul.
    34 | D        | Found a shimmering altar of Xom.
    34 | D        | Found an ornate altar of the Wu Jian Council.
    34 | D        | Found a sacrificial altar of Ru.
    34 | D        | Found a stormy altar of Qazlal.
    34 | D        | Found an iron altar of Okawaru.
    34 | D        | Found a sparkling altar of Nemelex Xobeh.
    34 | D        | Found a burning altar of Makhleb.
    34 | D        | Found a blossoming altar of Fedhas.
    34 | D        | Found a white marble altar of Elyvilon.
    34 | D        | Found a shadowy altar of Dithmenos.
    34 | D        | Found a snail-covered altar of Cheibriados.
    36 | D        | Found a radiant altar of Vehumet.
    36 | D        | Found a corrupted altar of Lugonu.
    60 | D        | Noticed a scorpion
    66 | D        | Killed a scorpion
    67 | D        | Reached skill level 5 in Unarmed Combat
    67 | D        | Reached XP level 2. HP: 21/33 MP: 1/1
    67 | D        | Reached XP level 3. HP: 26/40 MP: 2/2
    91 | D        | Found a broken altar of Ashenzari.
    91 | D        | Found an ancient bone altar of Kikubaaqudgha.
    91 | D        | Found a hide-covered altar of Uskayaw.
   115 | D        | Reached *** piety under Trog
   123 | D        | Reached XP level 4. HP: 49/49 MP: 3/3
   132 | D        | Reached **** piety under Trog
   133 | D        | Noticed a sky beast
   139 | D        | Killed a sky beast
   140 | D        | Reached skill level 5 in Fighting
   140 | D        | Reached skill level 5 in Dodging
   140 | D        | Reached skill level 6 in Unarmed Combat
   140 | D        | Reached XP level 5. HP: 55/59 MP: 4/4
   198 | D        | Noticed an ice beast
   225 | D        | Reached skill level 7 in Unarmed Combat
   228 | D        | Killed an ice beast
   228 | D        | Reached ***** piety under Trog
   229 | D        | Reached skill level 8 in Unarmed Combat
   229 | D        | Reached XP level 6. HP: 68/68 MP: 5/5
   247 | D        | Reached skill level 9 in Unarmed Combat
   257 | D        | Reached XP level 7. HP: 69/79 MP: 6/6
   284 | D        | Noticed a smoke demon
   288 | D        | Killed a smoke demon
   289 | D        | Reached skill level 10 in Unarmed Combat
   328 | D        | Noticed Terence
   340 | D        | Reached ****** piety under Trog
   342 | D        | Killed Terence
   342 | D        | Identified the +14 battleaxe "Newtbane" {heavy, rF+ rN+
                  | Dex+3} (Trog gifted it to you in the Dungeon)
   342 | D        | Received a gift from Trog
   353 | D        | Noticed a flayed ghost
   353 | D        | Noticed a redback
   359 | D        | Killed a redback
   360 | D        | Reached XP level 8. HP: 60/92 MP: 7/7
   366 | D        | Killed a flayed ghost
   367 | D        | Reached skill level 11 in Unarmed Combat
   613 | D        | Noticed an orange demon
   613 | D        | Noticed a jumping spider
   620 | D        | Killed a jumping spider
   621 | D        | Reached skill level 10 in Fighting
   621 | D        | Reached skill level 10 in Dodging
   626 | D        | Killed an orange demon
   627 | D        | Reached skill level 12 in Unarmed Combat
   627 | D        | Reached XP level 9. HP: 62/102 MP: 8/8
   663 | D        | Noticed a guardian mummy
   667 | D        | Noticed a cane toad
   669 | D        | Killed a guardian mummy
   672 | D        | Killed a cane toad
   674 | D        | Received a gift from Trog
   678 | D        | Noticed a polar bear
   678 | D        | Noticed Joseph
   684 | D        | Killed a polar bear
   685 | D        | Reached skill level 13 in Unarmed Combat
   693 | D        | Killed Joseph
   778 | D        | Noticed a vampire knight
   785 | D        | Slain by a vampire knight

Illustrated notes

Levels and vault maps discovered:
D:        pitsprint [storerooms_1, entrance_room_1, metal_vault_4, armoury_2,
          mini_pit_1, grid_room_1, main_hall_1, silver_pit, the_coven_3,
          the_vestibule_1, steel_vault_3, golden_pit, hallway_of_sentries,
          crystal_vault_2, iron_vault_1, final_vault]

Skill      XL: |  1  2  3  4  5  6  7  8  9 |
---------------+----------------------------+-----
Fighting       | 4 5 6 7 9 10 11 | 11.5
Dodging        | 4 5 6 7 9 10 11 | 11.4
Unarmed Combat | 5 6 8 9 10 12 13 | 13.4

Action                     |  1- 3 |  4- 6 |  7- 9 || total
---------------------------+-------+-------+-------++-------
  Melee: Unarmed           |    27 |    41 |    67 ||   135
         Punch             |     1 |       |     2 ||     3
 Invoke: Berserk           |       |       |     1 ||     1
    Use: Potion            |       |       |     1 ||     1
 Armour: Animal skin       |    17 |    28 |    53 ||    98
  Dodge: Dodged            |    16 |    20 |    33 ||    69

Table legend: (Time is in decaauts)
 A = Elapsed time spent in this place.
 B = Non-inter-level travel time spent in this place.
 C = Inter-level travel time spent in this place.
 D = Time resting spent in this place.
 E = Time spent auto-exploring this place.
 F = Levels seen in this place.
 G = Mean time per level.
                   A        B        C        D        E       F      G
               +--------+--------+--------+--------+--------+-----+--------+
         Total |    770 |    759 |     11 |    269 |     43 |   1 |  770.0 |
       Dungeon |    770 |    759 |     11 |    269 |     43 |   1 |  770.0 |
               +--------+--------+--------+--------+--------+-----+--------+

Top non-repeatable levels by time:
       D: 770 daAuts
